Map: Battaglia sul lungomare LE

Players

Trebo

  • Race: Protoss Protoss
  • League: Platinum
  • Spawn Location: 1:00

CamardagenBG - Winner!

  • Race: Terran Terran
  • League: Diamond
  • Spawn Location: 11:00

VOD

Have the link to the VOD?

Description

Time

  • Played on: Jan. 2, 2018, 6:46 a.m.
  • Length: 5:16
Show
View Real Time Build Order
Export as new Build Order

Trebo Protoss 

Build Orders: 1 Gate Expand 

Get SALT Encoding   

  12  0:01  Probe  
  13  0:13  Probe  
  14  0:19  Pylon  
  14  0:25  Probe  
  15  0:37  Probe  
  15  0:38  Gateway  
  16  0:48  Assimilator  
  16  0:49  Probe  
  17  1:01  Probe  
  18  1:14  Probe  
  19  1:26  Probe (Chrono Boost)  
  20  1:34  Nexus  
  20  1:38  Probe (Chrono Boost)  
  22  1:47  Probe (Chrono Boost), Pylon  
  22  1:54  Cybernetics Core  
  22  1:56  Probe  
  23  2:11  Assimilator  
  23  2:12  Probe  
  24  2:24  Gateway  
  24  2:28  Pylon  
  24  2:32  Forge  
  24  2:46  Probe x2  
  26  2:58  Probe x2  
  28  3:07  Assimilator  
  28  3:12  Pylon  
  28  3:15  Sentry (Chrono Boost)  
  28  3:19  Sentry (Chrono Boost)  
  32  3:20  Probe x2  
  34  3:32  Probe x2  
  30  3:40  Stalker x2 (Chrono Boost)  
  27  3:44  Probe  
  23  3:59  Pylon  
  23  4:01  Pylon  
  22  4:04  Photon Cannon  
  22  4:07  Photon Cannon  
  18  4:21  Robotics Facility  
  18  4:29  Cybernetics Core  
  18  4:33  Gateway  
  18  4:42  Photon Cannon  
  18  4:56  Pylon  
  18  4:57  Probe  
Show
View Real Time Build Order
Export as new Build Order

CamardagenBG Terran - Winner!

Build Orders: Cyclone Opening 

Get SALT Encoding   

  12  0:00  SCV  
  13  0:12  SCV  
  14  0:17  Supply Depot  
  14  0:25  SCV  
  15  0:38  SCV  
  15  0:40  Barracks  
  16  0:45  Refinery  
  16  0:50  Refinery  
  16  0:53  SCV  
  17  1:05  SCV  
  18  1:17  SCV  
  19  1:29  Factory  
  19  1:32  Orbital Command  
  19  1:39  Barracks Reactor  
  19  1:51  Supply Depot  
  19  2:00  SCV  
  20  2:12  SCV  
  20  2:23  Cyclone x2  
  20  2:27  Supply Depot  
  26  2:55  Cyclone x2  
  32  3:27  Cyclone  
  38  4:17  Cyclone  
  38  4:26  Supply Depot  
  38  4:27  Command Center, Supply Depot  
  38  4:50  Supply Depot  
  38  4:51  Supply Depot  
Tags
 
Add a new tag
Caveats
  • Supply blocks, unpowered buildings, or Contaminate may cause inaccurate times.
  • Supply counts are checked every 10 seconds.